Map: Terraform LE (Void)

Players

SticklerMac

  • Race: Terran Terran
  • League: Bronze

Force - Winner!

  • Race: Protoss Protoss
  • League: Bronze

VOD

Have the link to the VOD?

Description

Time

  • Played on: July 29, 2015, 10:41 a.m.
  • Length: 12:48
Show
View Real Time Build Order
Export as new Build Order

SticklerMac Terran 

Build Orders:  

Get SALT Encoding   

  12  0:01  SCV  
  13  0:13  SCV  
  14  0:20  Supply Depot  
  14  0:25  SCV  
  15  0:41  SCV  
  16  0:45  Barracks  
  16  0:52  Supply Depot  
  16  0:53  SCV  
  17  0:57  Refinery  
  17  1:05  SCV  
  18  1:13  Refinery  
  18  1:21  Barracks  
  18  1:23  SCV  
  19  1:35  Barracks  
  19  1:41  SCV  
  19  1:45  Marine  
  21  1:54  Barracks  
  21  1:56  SCV  
  22  2:03  Marine  
  22  2:08  SCV, Marine  
  25  2:15  Supply Depot  
  25  2:21  Marine  
  25  2:22  SCV  
  27  2:27  Barracks Tech Lab  
  27  2:28  Barracks Reactor  
  27  2:34  SCV  
  28  2:38  Marine  
  28  2:41  Marine  
  30  2:49  Factory  
  30  2:59  Marine  
  30  3:02  Marine, Marauder  
  30  3:05  Marine  
  34  3:08  Marine  
  36  3:14  Stimpack  
  36  3:23  Supply Depot  
  36  3:30  Orbital Command  
  36  3:33  Marine  
  37  3:43  Starport  
  37  3:52  Barracks Reactor  
  37  3:54  Marauder  
  39  3:55  Marine  
  39  4:00  Marine  
  41  4:10  Engineering Bay  
  41  4:16  Engineering Bay  
  41  4:22  Medivac  
  43  4:52  Medivac  
  45  5:04  Marine  
  45  5:05  Marine  
  47  5:11  Marine  
  47  5:12  Marine x2  
  46  5:15  Marauder  
  43  5:22  Marine x2  
  40  5:29  Marine x2  
  40  5:30  Marine  
  42  5:43  Missile Turret  
  40  6:26  SCV  
    8:55  SCV  
    8:59  Marine x2  
    9:00  Marine  
  4  9:03  Marine  
  4  9:04  Marine  
  6  9:14  Missile Turret  
  6  9:15  SCV  
  7  9:19  Marine  
  7  9:22  Marine  
  9  9:27  Marine  
  9  9:28  Marine  
  11  9:31  Missile Turret  
  9  9:54  Marine x3  
  9  9:55  Marine  
  9  9:58  SCV  
  14  10:12  SCV  
  15  10:21  Marine  
  15  10:22  Marine  
  17  10:31  SCV  
  18  10:36  Marine  
  19  10:45  SCV  
  20  10:57  Marine  
  20  10:58  Marine  
  20  11:01  SCV  
  20  11:03  Marine  
  24  11:13  Medivac  
  26  11:35  Marine x2  
  28  11:40  Marine  
  28  11:41  Marine  
  28  11:43  Medivac  
  32  11:51  SCV  
  33  12:06  Marine  
  34  12:12  SCV  
  34  12:13  Medivac  
Show
View Real Time Build Order
Export as new Build Order

Force Protoss - Winner!

Build Orders:  

Get SALT Encoding   

  12  0:01  Probe  
  13  0:16  Pylon  
  13  0:23  Probe  
  14  0:35  Probe (Chrono Boost)  
  15  0:41  Gateway  
  15  0:47  Probe (Chrono Boost)  
  16  0:55  Probe (Chrono Boost)  
  16  0:56  Assimilator  
  17  1:03  Assimilator  
  18  1:04  Probe (Chrono Boost)  
  18  1:12  Pylon  
  18  1:14  Probe (Chrono Boost)  
  19  1:29  Cybernetics Core  
  19  1:32  Probe (Chrono Boost)  
  20  1:44  Probe (Chrono Boost)  
  21  1:51  Probe (Chrono Boost)  
  22  2:11  Stalker (Chrono Boost)  
  24  2:16  Warp Gate  
  24  2:43  Pylon  
  24  2:44  Stalker  
  24  2:46  Probe (Chrono Boost)  
  27  2:57  Probe (Chrono Boost)  
  28  3:03  Probe (Chrono Boost)  
  29  3:16  Mothership Core (Chrono Boost)  
  29  3:19  Nexus  
  31  3:25  Stargate  
  31  3:37  Probe (Chrono Boost)  
  31  3:40  Pylon  
  32  3:43  Pylon  
  32  3:45  Probe (Chrono Boost)  
  33  4:07  Probe (Chrono Boost)  
  34  4:13  Oracle  
  38  4:18  Probe (Chrono Boost)  
  38  4:37  Gateway  
  38  4:40  Gateway  
  38  4:42  Gateway  
  38  4:43  Gateway  
  38  4:44  Gateway  
  38  4:49  Oracle  
  41  5:24  Oracle  
  44  6:01  Pylon  
  44  6:02  Pylon  
  44  6:16  Stalker x4  
  44  6:17  Stalker x2  
  43  6:48  Zealot x2  
  43  6:49  Zealot x4  
  37  7:21  Stalker x4  
  37  7:22  Stalker x2  
  45  7:51  Stalker  
  45  7:52  Stalker x3  
  43  8:15  Zealot x2  
  43  8:16  Zealot  
  43  8:17  Zealot x2  
  29  9:12  Nexus  
  29  9:19  Pylon  
  29  10:04  Twilight Council  
  29  10:10  Pylon  
  29  10:25  Zealot x5  
  39  10:43  Stalker  
  41  11:45  Probe x2  
  43  11:57  Probe x2  
  43  11:58  Adept  
  43  11:59  Adept x5  
  57  12:09  Probe x2  
  59  12:21  Probe  
  60  12:36  Assimilator  
  60  12:37  Assimilator  
Tags
 
Add a new tag
Caveats
  • Supply blocks, unpowered buildings, or Contaminate may cause inaccurate times.
  • Supply counts are checked every 10 seconds.